Map: Simulacro EE

Players

MrFercho

  • Race: Zerg Zerg
  • League: Silver
  • Spawn Location: 5:00

greenshorts - Winner!

  • Race: Terran Terran
  • League: Gold
  • Spawn Location: 11:00

VOD

Have the link to the VOD?

Description

Time

  • Played on: May 26, 2020, 10:03 p.m.
  • Length: 7:34
Show
View Real Time Build Order
Export as new Build Order

MrFercho Zerg 

Build Orders: Pool First 

Get SALT Encoding   

  12  0:02  Drone  
  13  0:22  Drone  
  14  0:29  Spawning Pool  
  13  0:37  Overlord  
  13  0:39  Drone  
  14  0:57  Drone x2  
  16  1:08  Evolution Chamber  
  15  1:15  Drone x2  
  17  1:29  Hatchery  
  16  1:40  Spine Crawler  
  15  1:50  Drone x3  
  18  2:06  Extractor  
  17  2:09  Queen  
  22  2:30  Drone x3  
  22  2:42  Overlord  
  22  2:44  Overlord  
  22  2:52  Queen  
  24  3:04  Extractor  
  23  3:06  Zergling x2  
  23  3:07  Zergling x6  
  27  3:28  Zergling x2  
  27  3:29  Zergling x10  
  33  3:39  Metabolic Boost  
  33  3:48  Drone x2  
  35  3:52  Drone x2  
  37  4:10  Zerg Melee Weapons Level 1  
  37  4:27  Zergling x2  
  37  4:28  Zergling x12  
  44  4:31  Hatchery  
  44  4:32  Overlord x2  
  43  5:02  Baneling Nest  
  37  6:00  Zergling x2  
  37  6:01  Zergling x8  
  11  7:06  Hatchery  
Show
View Real Time Build Order
Export as new Build Order

greenshorts Terran - Winner!

Build Orders: 1/1/1, Banshee Rush 

Get SALT Encoding   

  12  0:01  SCV  
  13  0:14  SCV  
  14  0:20  Supply Depot  
  14  0:26  Refinery  
  14  0:30  SCV  
  15  0:47  Barracks  
  15  0:48  SCV  
  16  0:59  Refinery  
  16  1:01  SCV  
  17  1:13  SCV  
  18  1:34  Orbital Command  
  18  1:42  Barracks Reactor, Factory  
  18  1:51  Supply Depot  
  18  2:03  SCV  
  19  2:19  Marine x2  
  19  2:21  SCV  
  22  2:28  Factory Tech Lab  
  22  2:29  Starport  
  22  2:33  SCV  
  22  2:36  Marine  
  23  2:37  Marine  
  23  2:43  Supply Depot  
  25  2:46  SCV  
  26  2:55  Marine x2  
  26  2:57  Factory Tech Lab  
  28  3:01  SCV  
  29  3:14  Marine x2  
  29  3:17  Cloaking Field  
  29  3:19  Banshee  
  34  3:28  Siege Tank  
  34  3:32  Marine  
  34  3:34  Marine  
  38  3:41  Supply Depot  
  39  4:02  Marine x2, Banshee, Siege Tank  
  47  4:15  Supply Depot  
  47  4:37  Marine x2, Siege Tank  
  52  4:45  Banshee  
  55  4:54  Supply Depot  
  55  5:16  Marine x2  
  57  5:24  Supply Depot  
  57  5:33  Marine  
  54  5:38  Siege Tank  
  28  5:56  Marine x2  
Tags
 
Matchup
TvZ
Replay Pack
MrFercho
Spawn Locations
Cross Positions
Strategy
Banshee Rush
Add a new tag
Caveats
  • Supply blocks, unpowered buildings, or Contaminate may cause inaccurate times.
  • Supply counts are checked every 10 seconds.